 Dungeon Crawl Stone Soup version 0.19-a0-1815-g4007336 (webtiles) character file.

625 4thArraOfDagon the Grappler (level 7, -7/62 HPs)
             Began as a Troll Wanderer on Oct 5, 2016.
             Mangled by Tux's ghost (14 damage)
             ... on level 7 of the Dungeon.
             The game lasted 00:04:05 (844 turns).

4thArraOfDagon the Grappler (Troll Wanderer)         Turns: 844, Time: 00:04:05

Health: -7/62      AC:  5    Str: 20    XL:     7   Next: 23%
Magic:  6/6        EV: 10    Int: 10    God:
Gold:   118        SH:  0    Dex: 10    Spells: 0 memorised, 6 levels left

rFire  . . .     SeeInvis .       - Unarmed
rCold  . . .     Gourm    +     e - +0 robe
rNeg   . . .     Faith    .     (no shield)
rPois  .         Spirit   .     (helmet restricted)
rElec  .         Dismiss  .     (no cloak)
rCorr  .         Reflect  .     (gloves unavailable)
MR     .....     Harm     .     (boots unavailable)
Stlth  +......... Rnd*Tele +    (no amulet)
                                (no ring)
                                i - ring of teleportation

@: no status effects
A: unfitting armour, claws 3, fast metabolism 3, gourmand, regeneration 1,
shaggy fur 1, tough skin 2
a: no special abilities


You were on level 7 of the Dungeon.
You were full.

You visited 1 branch of the dungeon, and saw 7 of its levels.

You collected 118 gold pieces.

Inventory:

Hand Weapons
 c - a +0 mace
Armour
 e - a +0 robe (worn)
Jewellery
 i - a ring of teleportation (left claw)
Wands
 n - a wand of acid (11/15)
Scrolls
 b - 2 scrolls of blinking
 h - 3 scrolls of teleportation
Potions
 a - a potion of heal wounds
 d - 2 potions of curing
 j - a potion of berserk rage {unknown}
 k - a potion of agility {unknown}
 l - a potion of flight {unknown}
 m - a potion of haste {unknown}
Comestibles
 f - 3 bread rations
 g - a meat ration


   Skills:
 - Level 1.0 Fighting
 - Level 1.0 Throwing
 - Level 2.6 Dodging
 - Level 1.0 Stealth
 * Level 8.1 Unarmed Combat
 - Level 1.0 Evocations


You had 6 spell levels left.
You didn't know any spells.

Dungeon Overview and Level Annotations

Branches:
Dungeon (7/15)
 Temple: D:4-7

Altars:

Annotations:
D:7 Tux's ghost, novice CeHu


Innate Abilities, Weirdness & Mutations

You are too large for most types of armour.
You have claws for hands.
Your metabolism is lightning-fast.
You like to eat raw meat.
Your natural rate of healing is unusually fast.
You are covered in fur. (AC +1)
You have very tough skin. (AC +2)


Message History

You kill the giant cockroach!
Tux's ghost hits you.
Unknown command.
Tux's ghost hits you.
You scratch Tux's ghost.
Tux's ghost is lightly damaged.
You closely miss Tux's ghost. Your claw misses Tux's ghost.
Tux's ghost is lightly damaged.
Tux's ghost hits you!
You claw Tux's ghost!
Tux's ghost is moderately damaged.
Tux's ghost hits you.
You scratch Tux's ghost but do no damage.
You claw Tux's ghost.
Tux's ghost is moderately damaged.
Tux's ghost hits you! Tux's ghost hits you!
* * * LOW HITPOINT WARNING * * *
Tux's ghost hits you!
You die...

#..#####.... ..
#..#.....# ... .
##.......####...
..###........#...#..
.................#
#......#....#?.....
.Y.##..###.....##
..# ##..#..#..## .#
#/@..#..###
###.W####..###..
#................
#.#...............
..#.#........8(....
. ##.#.............
##.#.....8......
##.#...........
##.#....8.....


You could see Tux's ghost.

Vanquished Creatures
  An ice beast (D:6)
  A black bear (D:6)
  A bullfrog (D:6)
  A wyvern skeleton (D:7)
  A bullfrog zombie (D:7)
  A crimson imp (D:6)
  2 hounds
  An orc priest (D:6)
  Natasha (D:2)
  3 orc wizards
  A worker ant (D:7)
  An adder (D:3)
  A shadow imp (D:5)
  An adder skeleton (D:6)
  A leopard gecko (D:6)
  6 orcs
  2 giant cockroaches
  4 goblins
  3 hobgoblins
  2 kobolds
  A quokka (D:3)
  A bat (D:3)
  A frilled lizard (D:2)
  A jackal skeleton (D:6)
  2 rats
41 creatures vanquished.

Notes
Turn   | Place    | Note
-------+----------+-------------------------------------------
     0 | D:1      | 4thArraOfDagon the Troll Wanderer began the quest for the Orb.
     0 | D:1      | 4thArraOfDagon set off with: a potion of heal wounds, a scroll of blinking, a +0 mace, a potion of curing, a +0 robe, 2 bread rations
     0 | D:1      | Reached XP level 1. HP: 19/19 MP: 0/0
   115 | D:2      | Noticed Natasha
   122 | D:2      | Noticed a crimson imp
   133 | D:2      | Killed Natasha
   133 | D:2      | Reached skill level 3 in Unarmed Combat
   133 | D:2      | Reached XP level 2. HP: 27/27 MP: 1/1
   133 | D:2      | Reached XP level 3. HP: 33/33 MP: 2/2
   203 | D:3      | Reached skill level 4 in Unarmed Combat
   290 | D:3      | Reached XP level 4. HP: 37/41 MP: 3/3
   454 | D:5      | Entered Level 5 of the Dungeon
   499 | D:6      | Noticed a black bear
   513 | D:6      | Killed a black bear
   513 | D:6      | Reached skill level 5 in Unarmed Combat
   513 | D:6      | Reached XP level 5. HP: 44/48 MP: 4/4
   527 | D:6      | Reached skill level 6 in Unarmed Combat
   538 | D:6      | Reached XP level 6. HP: 25/55 MP: 5/5
   639 | D:6      | Noticed an ice beast
   647 | D:6      | Killed an ice beast
   647 | D:6      | Reached skill level 7 in Unarmed Combat
   757 | D:7      | Reached XP level 7. HP: 56/62 MP: 6/6
   826 | D:7      | Noticed Tux's ghost (novice CeHu)
   832 | D:7      | Reached skill level 8 in Unarmed Combat
   844 | D:7      | Mangled by Tux's ghost

Vault maps used:
D:1:      lemuel_arrival_room
D:2:      kennysheep_generic_room_13, uniq_natasha, uniq_robin
D:3:      ecumenical_altar_2
D:4:      cheibrodos_quashed, serial_shops, shop, yredelemnul_altar_generic
D:5:      first_bread
D:6:      serial_shops, shop, uniq_grinder, uniq_edmund, uniq_crazy_yiuf_cottage
D:7:      wad_pebble_path, grunt_qazlal_clouds, uniq_joseph

Skill      XL: |  1  2  3  4  5  6  7 |
---------------+----------------------+-----
Unarmed Combat | 3 4 5 6 7 8 |  8.1
Fighting       | |  1.0
Throwing       | |  1.0
Dodging        | |  2.6
Stealth        | |  1.0
Evocations     | |  1.0

Action                   |  1- 3 |  4- 6 |  7- 9 || total
-------------------------+-------+-------+-------++-------
Melee: Mace              |    25 |       |       ||    25
       Unarmed           |    41 |    63 |    16 ||   120
       Punch             |       |       |     2 ||     2
  Use: Potion            |     1 |       |       ||     1
       Scroll            |       |     3 |       ||     3
 Stab: Sleeping          |     2 |     1 |     1 ||     4
  Eat: Chunk             |     5 |     6 |       ||    11
Armor: Skin              |    37 |       |       ||    37
       Robe              |    17 |    14 |     1 ||    32
Dodge: Dodged            |    24 |    19 |     6 ||    49
